Map: Pillars of Gold LE

Players

Garitos

  • Race: Zerg Zerg
  • League: Grandmaster
  • Spawn Location: 1:00

Serral - Winner!

  • Race: Zerg Zerg
  • League: Master
  • Spawn Location: 7:00

Event: DreamHack SC2 Masters 2020 Fall

VOD

Have the link to the VOD?

Description

Time

  • Played on: Sept. 6, 2020, 12:11 p.m.
  • Length: 11:10

All games in this series

Show
View Real Time Build Order
Export as new Build Order

Garitos Zerg 

Build Orders: 1 Base Baneling Bust, Pool First 

Get SALT Encoding   

  12  0:00  Drone  
  13  0:07  Extractor  
  12  0:26  Spawning Pool  
  11  0:29  Drone  
  12  0:36  Drone  
  13  0:48  Overlord  
  13  1:12  Zergling x6  
  13  1:14  Metabolic Boost  
  16  1:23  Zergling x2  
  17  1:31  Baneling Nest  
  16  1:36  Zergling x2  
  17  1:45  Zergling x2  
  18  1:56  Zergling x2  
  19  2:03  Spine Crawler  
  18  2:09  Zergling x2  
  19  2:16  Baneling x2  
  19  2:18  Zergling x2  
  20  2:31  Queen  
  21  2:47  Baneling  
  21  2:48  Zergling x2  
  19  3:06  Zergling x2  
  19  3:07  Zergling x4  
  19  3:11  Baneling  
  21  3:31  Hatchery  
  20  3:38  Drone  
  21  3:50  Drone  
  21  3:54  Overlord  
  22  3:59  Drone  
  20  4:08  Drone x2  
  22  4:14  Drone  
  20  4:26  Zergling x2  
  21  4:31  Roach Warren  
  21  4:33  Baneling  
  20  4:42  Drone  
  20  4:43  Drone  
  22  4:55  Zergling x2  
  21  5:14  Roach x4  
  27  5:15  Baneling x2  
  29  5:22  Roach  
  31  5:29  Roach  
  33  5:41  Roach  
  33  5:42  Zergling x2  
  36  5:47  Zergling x2  
  36  5:50  Overlord  
  36  5:53  Extractor  
  36  5:54  Extractor  
  36  5:56  Zergling x2  
  35  6:00  Zergling x2  
  38  6:07  Overlord  
  38  6:11  Baneling x2  
  38  6:15  Baneling  
  37  6:22  Zergling x6  
  40  6:27  Zergling x2  
  39  6:34  Zergling x4  
  39  6:38  Zergling x2  
  40  6:41  Ravager  
  41  6:47  Zergling x4  
  41  6:53  Zergling x2  
  44  6:56  Ravager  
  35  7:09  Drone  
  35  7:10  Drone x2  
  35  7:11  Drone  
  36  7:16  Drone x2  
  36  7:19  Drone  
  39  7:23  Drone  
  40  7:33  Drone x2  
  42  7:39  Drone x2  
  44  7:44  Evolution Chamber  
  44  7:45  Overlord  
  44  7:49  Drone  
  44  8:02  Drone x3  
  47  8:11  Drone x2  
  43  8:16  Drone x2  
  44  8:24  Lair  
  44  8:25  Drone x2  
  46  8:40  Zerg Missile Weapons Level 1  
  46  8:43  Extractor  
  46  8:45  Extractor  
  46  8:46  Hatchery  
  42  8:53  Roach  
  42  8:54  Roach  
  42  8:55  Roach x3  
  52  9:06  Roach  
  54  9:15  Roach  
  54  9:16  Overlord  
  56  9:18  Queen  
  56  9:20  Extractor  
  57  9:24  Baneling x2  
  57  9:26  Baneling  
  57  9:29  Baneling  
  57  9:33  Roach  
  57  9:36  Roach  
  57  9:38  Drone  
  62  9:39  Drone x2  
  62  9:44  Overlord  
  64  9:49  Roach x2  
  67  9:56  Overlord  
  67  10:01  Roach  
  67  10:02  Roach x2  
  67  10:05  Roach  
  72  10:11  Roach  
  72  10:14  Ravager x2  
  76  10:16  Ravager  
  76  10:18  Roach  
  79  10:23  Roach  
  79  10:25  Roach  
  83  10:29  Roach  
  83  10:32  Roach  
  87  10:36  Roach  
  89  10:47  Overlord  
  89  10:48  Overlord  
Show
View Real Time Build Order
Export as new Build Order

Serral Zerg - Winner!

Build Orders: Hatch First 

Get SALT Encoding   

  12  0:03  Drone  
  13  0:13  Overlord  
  13  0:17  Drone  
  14  0:31  Drone x2  
  16  0:50  Hatchery  
  16  0:54  Drone  
  16  0:57  Drone  
  17  1:11  Spawning Pool  
  17  1:14  Drone  
  17  1:16  Extractor  
  16  1:19  Drone  
  16  1:23  Drone  
  18  1:29  Drone  
  19  1:40  Drone  
  20  1:58  Queen  
  22  2:02  Queen, Zergling x6  
  27  2:12  Spine Crawler  
  27  2:13  Zergling x2  
  27  2:17  Zergling x2  
  28  2:26  Baneling Nest  
  26  2:35  Overlord  
  25  2:38  Zergling x2  
  25  2:43  Zergling x2  
  25  2:44  Zergling x2  
  23  2:56  Queen  
  20  3:10  Baneling x2  
  20  3:18  Drone  
  21  3:23  Drone  
  22  3:29  Drone  
  22  3:30  Drone  
  24  3:39  Zergling x2  
  25  3:46  Drone x2  
  27  3:52  Metabolic Boost  
  27  3:59  Baneling  
  27  4:01  Overlord  
  26  4:07  Zergling x2  
  26  4:09  Drone  
  28  4:12  Drone  
  28  4:25  Zergling x2  
  28  4:28  Baneling  
  29  4:35  Hatchery  
  28  4:39  Drone  
  28  4:43  Drone  
  30  4:46  Zergling x2  
  30  4:51  Overlord  
  31  4:54  Baneling  
  31  5:01  Drone  
  32  5:14  Drone x3, Baneling  
  33  5:18  Evolution Chamber  
  33  5:20  Zergling x2  
  34  5:30  Drone  
  35  5:38  Drone x2  
  37  5:45  Roach Warren  
  35  5:50  Spine Crawler  
  35  5:51  Spine Crawler  
  33  6:00  Zerg Missile Weapons Level 1  
  33  6:02  Evolution Chamber  
  32  6:06  Evolution Chamber, Zergling x4  
  32  6:07  Zergling x2  
  33  6:28  Roach x6  
  45  6:39  Lair  
  42  6:40  Roach  
  42  6:43  Roach  
  45  6:55  Queen  
  45  6:59  Overlord  
  43  7:08  Zergling x2  
  43  7:09  Zergling x8  
  47  7:17  Roach Warren  
  47  7:18  Drone  
  47  7:21  Drone  
  48  7:25  Drone  
  48  7:28  Drone  
  50  7:30  Drone  
  50  7:34  Drone x2  
  53  7:37  Drone  
  53  7:42  Overseer  
  53  7:43  Drone  
  53  7:44  Drone  
  56  7:49  Overlord  
  56  7:53  Drone, Extractor  
  56  7:56  Glial Reconstitution  
  56  8:00  Drone x2  
  56  8:04  Drone x2  
  59  8:09  Drone  
  59  8:10  Drone x2  
  61  8:14  Extractor  
  61  8:15  Overlord  
  59  8:25  Zerg Missile Weapons Level 2  
  59  8:35  Drone  
  59  8:36  Roach, Hatchery  
  59  8:44  Overlord  
  59  8:51  Ravager  
  59  8:52  Roach x4  
  67  8:57  Overlord  
  67  9:02  Zerg Ground Armor Level 1  
  67  9:07  Roach  
  68  9:13  Roach x2  
  71  9:19  Overlord  
  71  9:20  Overlord  
  71  9:21  Roach  
  73  9:28  Roach x2  
  77  9:34  Overlord  
  77  9:36  Roach  
  77  9:37  Roach  
  81  9:44  Roach  
  81  9:45  Roach  
  85  9:47  Baneling  
  85  9:51  Roach  
  87  9:54  Overlord  
  87  9:58  Roach  
  89  10:06  Roach  
  91  10:12  Roach x2  
  95  10:16  Ravager x2  
  95  10:19  Roach x2, Overseer  
  101  10:22  Roach  
  101  10:27  Roach  
  105  10:34  Roach x2  
  109  10:42  Roach x3  
  115  10:47  Overlord  
  115  10:48  Drone  

Tags
 
Add a new tag
Caveats
  • Supply blocks, unpowered buildings, or Contaminate may cause inaccurate times.
  • Supply counts are checked every 10 seconds.